 Dungeon Crawl Stone Soup version 0.19-a0-517-gd6a9987 (webtiles) character file.

10743 Kilingo the Vandal (level 11, -22/97 HPs)
             Began as a Deep Dwarf Artificer on June 5, 2016.
             Was a Priest of Pakellas.
             Killed from afar by a yak (37 damage)
             ... with an exploding inner flame
             ... hexed by the player character
             ... on level 11 of the Dungeon on June 6, 2016.
             The game lasted 03:33:31 (14291 turns).

Kilingo the Vandal (Deep Dwarf Artificer)          Turns: 14291, Time: 03:33:31

Health: -22/97     AC: 13    Str: 21    XL:     11   Next: 40%
Magic:  3/15       EV:  9    Int: 14    God:    Pakellas [***...]
Gold:   190        SH: 10    Dex: 13    Spells: 0 memorised, 20 levels left

rFire  . . .     SeeInvis .     a - +2 short sword (venom)
rCold  . . .     Gourm    +     P - +0 chain mail
rNeg   . . .     Faith    .     M - +0 shield
rPois  .         Spirit   .     (no helmet)
rElec  .         Dismiss  .     J - +0 cloak
rCorr  .         Reflect  .     c - +0 pair of gloves
SustAt .         Harm     .     (no boots)
MR     +....                    N - amulet of the gourmand
Stlth  ..........               (no ring)
                                L - +4 ring of strength

@: non-regenerating, somewhat resistant to hostile enchantments, extremely
unstealthy
A: damage resistance, recharge devices, sense surroundings 2, slow regeneration
3
a: Device Recharging, Quick Charge, Device Surge, Renounce Religion


You were on level 11 of the Dungeon.
You worshipped Pakellas.
Pakellas was most pleased with you.
You were completely stuffed.

You visited 2 branches of the dungeon, and saw 12 of its levels.
You also visited: Sewer.

You collected 936 gold pieces.
You spent 746 gold pieces at shops.

Inventory:

Hand Weapons
 a - a +2 short sword of venom (weapon)
 b - a +0 hunting sling
 r - a +0 scimitar of protection
Missiles
 X - 2 sling bullets
Armour
 c - a +0 pair of gloves (worn)
 J - a +0 cloak (worn)
 M - a +0 shield (worn)
 P - a +0 chain mail (worn)
Jewellery
 L - a +4 ring of strength (left hand)
 N - an amulet of the gourmand (around neck)
Wands
 d - a wand of enslavement (0/24)
 e - a wand of random effects (0/48)
 f - a wand of heal wounds (0/9)
 m - a wand of iceblast (3/15)
 o - a wand of polymorph (5/24)
 u - a wand of digging (17/24)
 y - a wand of lightning (3/15)
 C - a wand of paralysis (4/24)
 I - a wand of hasting (1/9)
 U - a wand of confusion (3/48)
 W - a wand of flame (0/48)
 Z - a wand of acid (5/15)
Scrolls
 h - 2 scrolls of enchant armour {unknown}
 k - 2 scrolls of identify
 l - a scroll of immolation
 p - 2 scrolls of remove curse
 s - a scroll of teleportation
 z - 2 scrolls of noise {unknown}
 A - 2 scrolls of magic mapping
 B - 2 scrolls of blinking {unknown}
 K - 2 scrolls of enchant weapon {unknown}
 Y - a scroll of summoning
Potions
 t - a potion of magic {unknown}
 v - a potion of brilliance {unknown}
 D - 2 potions of might {unknown}
 E - a potion of lignification
 F - a potion of cancellation {unknown}
 G - a potion of haste
 O - 2 potions of flight {unknown}
 Q - 2 potions of agility
 S - a potion of cure mutation {unknown}
Miscellaneous
 i - a box of beasts
Comestibles
 g - 5 bread rations
 n - a beef jerky
 q - a slice of pizza
 H - 4 meat rations
 R - 2 fruits
 T - 4 royal jellies


   Skills:
 - Level 6.0 Fighting
 - Level 5.4(6.2) Short Blades
 - Level 5.1(6.4) Long Blades
 - Level 6.6 Slings
 + Level 6.6 Armour
 - Level 6.1 Dodging
 - Level 6.5 Stealth
 - Level 6.0 Shields
 - Level 5.0 Spellcasting
   Level 3.3 Translocations
 - Level 6.2 Evocations


You had 20 spell levels left.
You didn't know any spells.

Dungeon Overview and Level Annotations

Branches:
Dungeon (11/15)            Temple (1/1) D:5             Orc (0/2) D:10
   Lair: D:8-11

Altars:
Ashenzari
Cheibriados
Dithmenos
Elyvilon
Fedhas
Gozag
Hepliaklqana
Kikubaaqudgha
Makhleb
Nemelex Xobeh
Okawaru
Pakellas
Qazlal
Ru
Sif Muna
Trog
Uskayaw
Vehumet
Xom
Yredelemnul
Zin
The Shining One

Shops:
D:5 ?   D:6 :   D:7 !}   D:10 *


Innate Abilities, Weirdness & Mutations

You are resistant to damage.
You can recharge devices by infusing magical energy.
You passively map the area around you.
You do not regenerate naturally.


Message History

As you read the scroll of immolation, it crumbles to dust.
The creatures around you are filled with an inner flame!
The yak gores you.
* * * LOW HITPOINT WARNING * * *
You feel less protected.
Your +2 short sword of venom begins to drip with poison!
a - a +2 short sword of venom (weapon)
The yak gores you but does no damage.
You closely miss the yak.
The yak is severely wounded.
The yak gores you!
* * * LOW HITPOINT WARNING * * *
You puncture the yak!
The yak is almost dead.
The yak gores you.
You hit the yak.
The yak explodes!
The fiery explosion engulfs you!
You die...
Pakellas says: That's one more possible approach eliminated.

# ##.........## #.#.# #.##.# #
#....≈≈≈....# #.#.# #.##.# #
##...≈≈≈≈≈...###.#.## #.##.#
###...≈≈...≈≈...##....####.##.#
..#...≈≈.>.≈≈...#.............###
###...≈≈...≈≈...#Y#...##..<......
####...≈≈≈≈≈...##YYT.......####.#
...#....≈≈≈....#§###.#######* #.#
#####.........##@# #.YT.YT..,,..#
##.......##..# ######### ####
###...###..## #...#...##
#...#.### ##.##.# #....# ######


You could see 2 yaks.

Vanquished Creatures
  Pikel (D:8)
  Joseph (D:7)
  A gargoyle (D:10)
  A queen bee (D:9)
  2 trolls
  Sigmund (D:6)
  8 yaks
  Grum (D:8)
  A hungry ghost (D:9)
  3 hippogriffs
  Menkaure (D:7)
  4 water moccasins
  3 ice beasts
  8 orc warriors
  A wasp (D:10)
  2 sky beasts
  3 wolves
  A phantom (D:7)
  A centaur (D:10)
  6 ogres
  A big kobold (D:7)
  9 giant frogs
  2 water moccasin zombies
  2 wyvern skeletons (D:10)
  2 scorpions
  14 killer bees
  5 crimson imps
  2 quasits
  6 hounds
  4 giant frog zombies
  3 jellies
  5 orc priests
  A giant frog skeleton (D:11)
  Jessica (D:2)
  6 worker ants
  9 iguanas
  7 orc wizards
  Natasha (thrice) (D:2)
  A hound zombie (D:9)
  A hound skeleton (D:10)
  A worker ant zombie (D:10)
  A gnoll (D:6)
  23 adders
  A howler monkey skeleton (D:8)
  3 shadow imps
  8 oozes (Sewer)
  2 adder skeletons
  An adder zombie (D:5)
  5 worms
  23 giant geckos
  42 orcs
  19 giant cockroaches
  7 goblins
  11 hobgoblins
  20 jackals
  5 quokkas
  15 ball pythons
  8 bats
  A giant gecko skeleton (D:8)
  15 giant newts
  A jackal skeleton (D:4)
  10 kobolds
  A quokka skeleton (D:4)
  6 rats
363 creatures vanquished.

Vanquished Creatures (collateral kills)
  A two-headed ogre (D:9)
  A water elemental (D:11)
  2 yaks (D:11)
  A hippogriff (D:11)
  An ogre (D:10)
  A centaur (D:10)
  A killer bee (D:9)
  An electric eel (D:11)
  2 gnolls (D:6)
  An ooze (D:2)
  4 orcs
  A giant cockroach (D:2)
  A hobgoblin (D:1)
  2 kobolds (D:2)
20 creatures vanquished.

Vanquished Creatures (others)
  An orc warrior (D:9)
  A yak (D:10)
  A hungry ghost (D:7)
  A water moccasin (D:8)
  A jackal (D:1)
5 creatures vanquished.

Grand Total: 388 creatures vanquished

Notes
Turn   | Place    | Note
--------------------------------------------------------------
     0 | D:1      | Kilingo the Deep Dwarf Artificer began the quest for the Orb.
     0 | D:1      | Reached XP level 1. HP: 16/16 MP: 3/3
   156 | D:1      | Reached skill level 1 in Armour
   201 | D:1      | Reached skill level 1 in Fighting
   217 | D:1      | Reached skill level 1 in Short Blades
   268 | D:1      | Reached XP level 2. HP: 25/25 MP: 5/5
   964 | D:2      | Noticed Natasha
   974 | D:2      | Killed Natasha
   974 | D:2      | Reached XP level 3. HP: 28/31 MP: 6/6
  1042 | D:2      | Noticed Natasha
  1097 | D:2      | Killed Natasha
  1097 | D:2      | Reached XP level 4. HP: 25/39 MP: 7/7
  1146 | D:2      | Noticed Natasha
  1173 | D:2      | Your ally died
  1244 | D:2      | Noticed Jessica
  1260 | D:2      | Killed Jessica
  1406 | D:2      | Reached XP level 5. HP: 24/49 MP: 8/8
  1424 | D:2      | Found a hide-covered altar of Uskayaw.
  1868 | D:2      | Reached skill level 1 in Slings
  2422 | D:3      | Found a bloodstained altar of Trog.
  2424 | D:3      | Found a glowing golden altar of the Shining One.
  2425 | D:3      | Found a deep blue altar of Sif Muna.
  3160 | D:4      | Found a blossoming altar of Fedhas.
  3175 | D:4      | Noticed an ogre
  3179 | D:4      | Reached XP level 6. HP: 34/56 MP: 9/9
  3219 | D:4      | Found a shimmering altar of Xom.
  3219 | D:4      | Found a shimmering altar of Xom.
  3220 | D:4      | Found a shimmering altar of Xom.
  3223 | D:4      | Found a shimmering altar of Xom.
  3344 | D:4      | Found a hazy altar of Hepliaklqana.
  3510 | D:4      | Found a stormy altar of Qazlal.
  3535 | D:4      | Reached XP level 7. HP: 34/62 MP: 10/10
  3764 | D:5      | Entered Level 5 of the Dungeon
  3841 | D:5      | Found a staircase to the Ecumenical Temple.
  3862 | Temple   | Entered the Ecumenical Temple
  3964 | D:5      | Found Zotewkei's Magic Scroll Shop.
  4012 | D:5      | Noticed Grinder
  4026 | D:5      | Noticed Grinder
  4026 | D:5      | Grinder changed into Grinder the quasit
  4037 | D:5      | Killed Grinder the quasit
  4067 | D:5      | Bought a scroll of teleportation for 42 gold pieces
  4489 | D:5      | Found an iron altar of Okawaru.
  4883 | D:6      | Found a white marble altar of Elyvilon.
  4941 | D:6      | Noticed Sigmund
  5015 | D:6      | Found a glowing drain.
  5019 | Sewer    | Entered a sewer
  5398 | Sewer    | Reached XP level 8. HP: 40/72 MP: 11/11
  6003 | D:6      | Found a burning altar of Makhleb.
  6004 | D:6      | Noticed Blork the orc
  6016 | D:6      | Noticed Blork
  6016 | D:6      | Blork the orc changed into Blork the iguana
  6025 | D:6      | Killed Blork the iguana
  6112 | D:6      | Found Wamnail's Book Emporium.
  6129 | D:6      | Bought a book of Minor Magic for 240 gold pieces
  6132 | D:6      | Learned a level 2 spell: Blink
  6321 | D:6      | Reached skill level 1 in Spellcasting
  6488 | D:6      | Found a snail-covered altar of Cheibriados.
  6606 | D:6      | Killed Sigmund
  6848 | D:7      | Noticed Joseph
  6987 | D:7      | Reached skill level 1 in Shields
  7031 | D:7      | Found Bishi's Distillery.
  7034 | D:7      | Bought a potion of heal wounds for 55 gold pieces
  7034 | D:7      | Bought a potion of degeneration for 11 gold pieces
  7040 | D:7      | Bought a potion of lignification for 33 gold pieces
  7093 | D:7      | Gained mutation: You passively map the area around you. [Deep Dwarf growth]
  7093 | D:7      | Reached XP level 9. HP: 45/78 MP: 13/13
  7373 | D:7      | Noticed Menkaure
  7389 | D:7      | Killed Menkaure
  7499 | D:7      | Upgraded the game from 0.19-a0-475-gfca3800 to 0.19-a0-503-g45a6586
  7557 | D:7      | Found Siphi's Gadget Boutique.
  7568 | D:7      | Killed Joseph
  7594 | D:7      | Bought a wand of iceblast (5/15) for 117 gold pieces
  7822 | D:7      | Reached skill level 5 in Evocations
  8035 | D:7      | Reached skill level 5 in Dodging
  8093 | D:8      | Noticed Grum
  8365 | D:8      | Reached skill level 5 in Armour
  8463 | D:8      | Got a faintly glowing cloak
  8469 | D:8      | Identified the cursed -4 cloak of Wiag {Dex+5 Stlth+} (You found it on level 8 of the Dungeon)
  8491 | D:8      | Reached skill level 5 in Shields
  8518 | D:8      | Found a shattered altar of Ashenzari.
  8741 | D:8      | Reached XP level 10. HP: 54/86 MP: 15/15
  8767 | D:8      | Killed Grum
  9037 | D:8      | Noticed Pikel
  9050 | D:8      | Killed Pikel
  9050 | D:8      | Reached skill level 5 in Fighting
  9306 | D:8      | Reached skill level 5 in Slings
  9351 | D:9      | Found a shadowy altar of Dithmenos.
  9351 | D:9      | Found a radiant altar of Vehumet.
  9491 | D:9      | Reached skill level 5 in Short Blades
  9620 | D:9      | Reached skill level 1 in Long Blades
  9689 | D:9      | Found an oddly glowing altar of Pakellas.
  9709 | D:9      | Became a worshipper of Pakellas the Inventive
 10238 | D:9      | Reached skill level 5 in Long Blades
 10440 | D:9      | Reached * piety under Pakellas
 10440 | D:9      | Received a gift from Pakellas
 10590 | D:10     | Entered Level 10 of the Dungeon
 10799 | D:10     | Noticed a gargoyle
 11123 | D:10     | Killed a gargoyle
 11244 | D:10     | Found a staircase to the Orcish Mines.
 11398 | D:5      | Bought a scroll of amnesia for 49 gold pieces
 11398 | D:5      | Bought a scroll of summoning for 133 gold pieces
 11399 | D:5      | Upgraded the game from 0.19-a0-503-g45a6586 to 0.19-a0-517-gd6a9987
 11615 | D:10     | Found Allop's Assorted Antiques.
 11842 | D:10     | Reached XP level 11. HP: 59/96 MP: 7/14
 12080 | D:10     | Reached ** piety under Pakellas
 12080 | D:10     | Received a gift from Pakellas
 12422 | D:10     | Reached skill level 5 in Spellcasting
 13288 | D:11     | HP: 3/97 [electric eel/bolt of electricity (7)]
 13303 | D:11     | HP: 2/97 [electric eel/bolt of electricity (1)]
 13307 | D:11     | Reached *** piety under Pakellas
 13307 | D:11     | Received a gift from Pakellas
 13439 | D:7      | Bought a potion of curing for 33 gold pieces
 13439 | D:7      | Bought a potion of curing for 33 gold pieces
 14205 | D:11     | Found a deep blue altar of Sif Muna.
 14291 | D:11     | Killed from afar by a yak

Vault maps used:
D:1:      dpeg_arrival_concentric_ovals, st_stairs_8, roderic_whirl
D:2:      old_standard_altar, serial_curves, eino_curves_01, eino_curves_03,
          eino_curves_03, eino_curves_01, uniq_natasha, uniq_jessica
D:3:      grunt_temple_overflow_open
D:4:      kennysheep_little_box, grunt_qazlal_sundering,
          nicolae_overflow_crystal_walls, xom_redecorated
D:5:      minmay_temple_entry_glass, serial_shops, shop, first_bread,
          basic_altar, st_stairs_11, uniq_grinder
D:6:      lemuel_crystal_altar, kennysheep_mini, lemuel_crystal_altar,
          gup_sewer_entry_bowl, serial_shops, shop, uniq_sigmund,
          uniq_blork_the_orc
D:7:      serial_shops, shop, nicolae_shop_behind_doors, uniq_joseph,
          uniq_menkaure
D:8:      ashenzari_conservatory_becter, kennysheep_diamond, uniq_pikel,
          uniq_grum
D:9:      grunt_pakellas_mercury, vehumet_altar_wand_db, david_nohive_1,
          grunt_dithmenos_smoke_and_mirrors
D:10:     hiddenorc1_lemuel, serial_shops, shop
D:11:     lemuel_troll_bridge, david_lair_shrubbed, tgw_sif
Temple:   circular_temple_pool_8
Sewer:    sewer_frog_island_02

Skill      XL: |  1  2  3  4  5  6  7  8  9 10 11 |
---------------+----------------------------------+-----
Armour         | 1 2 4 5 6 |  6.6
Fighting       | 1 3 4 5 6 |  6.0
Short Blades   | 1 2 3 4 5 |  5.4
Stealth        | 2 4 6 |  6.5
Slings         | 3 4 5 6 |  6.6
Dodging        | 3 4 5 6 |  6.1
Spellcasting   | 3 4 5 |  5.0
Translocations | 3 |  3.3
Shields        | 2 5 6 |  6.0
Evocations     | 5 6 |  6.2
Long Blades    | 5 |  5.1

Action                   |  1- 3 |  4- 6 |  7- 9 | 10-12 || total
-------------------------+-------+-------+-------+-------++-------
Melee: Short sword       |    95 |   170 |   726 |   333 ||  1324
       Falchion          |       |       |    31 |       ||    31
       Scimitar          |       |       |       |   287 ||   287
 Fire: Hunting sling     |       |    46 |   121 |   188 ||   355
Throw: Throwing net      |       |       |     4 |       ||     4
 Cast: Blink             |       |       |     5 |       ||     5
Invok: Quick Charge      |       |       |       |     6 ||     6
       Device Surge      |       |       |       |     1 ||     1
 Abil: Device Recharging |       |       |     1 |     2 ||     3
Evoke: Wand              |    13 |     8 |    42 |   122 ||   185
       Box of beasts     |       |       |       |     2 ||     2
  Use: Scroll            |     2 |     2 |    12 |    17 ||    33
       Potion            |       |       |     8 |     8 ||    16
 Stab: Sleeping          |     5 |     1 |     4 |       ||    10
       Paralysed         |       |       |       |     1 ||     1
       Confused          |       |       |       |     2 ||     2
  Eat: Chunk             |     1 |     6 |     5 |    20 ||    32
       Bread ration      |       |     1 |     3 |     1 ||     5
       Royal jelly       |       |       |       |     3 ||     3
Armor: Leather armour    |     5 |       |       |       ||     5
       Robe              |    19 |       |       |       ||    19
       Ring mail         |     5 |    60 |   232 |       ||   297
       Chain mail        |       |       |    71 |   337 ||   408
       Skin              |       |       |     9 |       ||     9
Dodge: Dodged            |    80 |    80 |   403 |   202 ||   765
Block: Shield            |       |       |   146 |   361 ||   507
